Map: 애씨드 플랜트 - 래더

Players

Solar

  • Race: Zerg Zerg
  • League: Platinum
  • Spawn Location: 5:00

lIIllllIIlll (INnoVation) - Winner!

  • Race: Terran Terran
  • League: Master
  • Spawn Location: 11:00

Event: HomeStory Cup XVIII

VOD

Have the link to the VOD?

Description

Time

  • Played on: Nov. 24, 2018, 9:23 a.m.
  • Length: 18:31

All games in this series

Show
View Real Time Build Order
Export as new Build Order

Solar Zerg 

Build Orders: Hatch First 

Get SALT Encoding   

  12  0:01  Drone  
  13  0:12  Overlord  
  13  0:17  Drone  
  14  0:31  Drone x2  
  16  0:47  Hatchery  
  15  0:51  Drone  
  15  0:55  Drone  
  17  0:58  Drone  
  18  1:09  Extractor  
  17  1:14  Spawning Pool  
  17  1:16  Drone  
  17  1:20  Drone  
  18  1:28  Drone  
  19  1:39  Drone  
  20  1:49  Hatchery  
  19  2:00  Queen  
  21  2:03  Zergling x2  
  21  2:04  Zergling x2  
  23  2:10  Metabolic Boost  
  23  2:14  Drone  
  24  2:20  Drone  
  25  2:24  Overlord  
  25  2:31  Queen  
  25  2:35  Drone  
  28  2:43  Drone x3  
  31  2:47  Queen  
  31  2:50  Drone  
  34  2:55  Drone  
  34  2:57  Drone  
  36  3:02  Queen  
  38  3:06  Overlord  
  38  3:08  Drone  
  38  3:12  Drone x2  
  41  3:14  Drone  
  41  3:18  Overlord  
  42  3:26  Drone x3  
  45  3:29  Overlord  
  45  3:33  Queen  
  47  3:37  Overlord  
  47  3:38  Drone  
  47  3:40  Drone  
  49  3:46  Queen  
  49  3:48  Drone x2  
  53  3:49  Drone  
  53  3:52  Overlord  
  53  3:55  Drone  
  55  3:57  Drone x2  
  55  4:01  Zergling x4  
  58  4:03  Zergling x4  
  58  4:06  Drone  
  58  4:08  Drone  
  62  4:13  Drone x3  
  62  4:14  Spore Crawler  
  64  4:20  Spore Crawler  
  64  4:21  Overlord  
  64  4:22  Drone x3  
  66  4:26  Spore Crawler  
  66  4:27  Drone x2  
  66  4:28  Drone  
  68  4:33  Overlord  
  68  4:37  Lair  
  68  4:38  Extractor  
  67  4:39  Extractor, Drone x2  
  67  4:43  Drone x2  
  70  4:48  Drone x2  
  70  4:52  Drone x3  
  73  4:54  Drone x2  
  73  4:57  Zergling x6  
  78  5:00  Zergling x2  
  78  5:02  Zergling x2  
  78  5:03  Zergling x2  
  81  5:08  Evolution Chamber  
  81  5:09  Drone x2  
  81  5:10  Evolution Chamber  
  81  5:13  Drone  
  82  5:16  Overlord  
  81  5:21  Overlord  
  81  5:23  Overlord  
  81  5:30  Drone, Baneling Nest  
  81  5:31  Overlord  
  81  5:34  Extractor  
  81  5:35  Extractor  
  79  5:36  Drone x2  
  79  5:37  Drone x2  
  79  5:38  Drone x3  
  79  5:40  Drone x2  
  88  5:42  Zerg Ground Armor Level 1  
  88  5:43  Drone, Zerg Melee Weapons Level 1  
  88  5:45  Overseer  
  88  5:48  Zergling x6  
  92  5:54  Zergling x4  
  94  6:01  Zergling x2  
  95  6:05  Zergling x2  
  95  6:06  Zergling x6  
  95  6:08  Hydralisk Den  
  95  6:09  Hatchery  
  98  6:11  Zergling x12  
  98  6:14  Zergling x4  
  98  6:17  Centrifical Hooks  
  105  6:21  Baneling x8  
  105  6:25  Overlord  
  105  6:26  Zergling x4  
  105  6:30  Overlord  
  105  6:31  Zergling x4  
  109  6:38  Zergling x8  
  109  6:39  Overlord  
  113  6:40  Overlord  
  113  6:42  Pneumatized Carapace  
  113  6:44  Grooved Spines  
  113  6:48  Overlord  
  113  6:50  Drone x4  
  113  6:51  Drone  
  118  6:55  Drone x2  
  119  7:03  Hydralisk  
  119  7:06  Overlord  
  120  7:08  Hydralisk x5  
  120  7:11  Overlord  
  130  7:16  Drone  
  130  7:17  Drone x3  
  130  7:20  Extractor, Overlord  
  130  7:21  Queen  
  136  7:22  Drone  
  136  7:23  Drone  
  136  7:27  Hydralisk x2  
  139  7:33  Zergling x6  
  139  7:36  Overlord  
  136  7:38  Zergling x6  
  138  7:44  Zergling x2  
  138  7:45  Zergling x10  
  144  7:51  Overlord  
  130  8:03  Zerg Melee Weapons Level 2, Zerg Ground Armor Level 2  
  130  8:04  Zergling x14  
  130  8:05  Zergling x12  
  132  8:13  Hydralisk x3  
  132  8:18  Baneling x2  
  138  8:21  Zergling x6  
  138  8:26  Zergling x2  
  138  8:27  Zergling x2  
  140  8:30  Extractor, Infestation Pit  
  140  8:31  Muscular Augments, Zergling x4, Hatchery  
  140  8:32  Zergling x6  
  140  8:34  Baneling x3  
  140  8:38  Zergling x8, Spore Crawler  
  140  8:39  Queen x2  
  143  8:45  Drone x3  
  143  8:46  Drone  
  147  8:50  Drone, Hydralisk  
  147  8:51  Hydralisk x3  
  156  9:01  Hydralisk x4  
  162  9:04  Baneling x3  
  162  9:05  Baneling x7  
  162  9:08  Zergling x6  
  165  9:12  Hive  
  165  9:14  Spire  
  165  9:16  Zergling x2  
  162  9:17  Zergling x6  
  162  9:19  Zergling x2  
  162  9:24  Zergling x14  
  162  9:25  Zergling x2  
  162  9:30  Spore Crawler  
  169  9:31  Hydralisk  
  169  9:36  Zergling x4  
  169  9:40  Zergling x4, Spore Crawler  
  169  9:47  Hydralisk x2  
  169  9:48  Zergling x10  
  178  9:56  Drone  
  178  9:58  Hydralisk x5  
  188  10:01  Baneling x7  
  188  10:02  Baneling  
  188  10:04  Hatchery  
  187  10:07  Zergling x2  
  187  10:08  Zergling x12  
  187  10:10  Zergling x2  
  191  10:16  Zergling x8  
  191  10:17  Zergling x4  
  194  10:25  Zergling x14  
  197  10:29  Baneling x5  
  197  10:30  Baneling x3  
  175  10:39  Greater Spire  
  175  10:40  Drone x2  
  175  10:41  Drone x5  
  175  10:42  Drone x4  
  186  10:43  Viper, Drone  
  186  10:45  Viper  
  185  10:50  Baneling x3  
  185  10:51  Zergling x2  
  185  10:52  Zergling x4  
  185  10:56  Zergling x4  
  187  11:02  Hydralisk x3  
  174  11:07  Zergling x6  
  174  11:10  Zerg Ground Armor Level 3  
  175  11:14  Zerg Missile Weapons Level 1  
  168  11:20  Zergling x14  
  171  11:28  Overseer x2  
  171  11:29  Zergling x2  
  171  11:30  Zergling x8  
  176  11:33  Zergling x4  
  176  11:36  Zergling x2  
  176  11:39  Zergling x2  
  179  11:40  Zergling x6  
  173  11:58  Zergling x2  
  173  11:59  Zergling x24  
  185  12:03  Overlord  
  185  12:04  Baneling x6  
  168  12:16  Zergling x16  
  164  12:35  Corruptor x2  
  164  12:36  Corruptor x2  
  172  12:43  Corruptor x3  
  176  12:45  Hatchery  
  172  12:57  Zergling x18  
  173  13:01  Unknown x2  
  153  13:18  Brood Lord  
  153  13:19  Brood Lord x5  
  165  13:22  Brood Lord  
  165  13:26  Zergling x4  
  169  13:29  Overseer x3  
  169  13:32  Baneling x3  
  169  13:33  Baneling  
  168  13:37  Zergling x2  
  168  13:38  Zergling x4  
  168  13:40  Zergling x2  
  161  13:43  Zergling x2  
  146  13:51  Zergling x12  
  146  13:52  Zergling x2  
  136  13:56  Hydralisk  
  136  13:58  Hydralisk  
  136  14:00  Baneling  
  136  14:01  Baneling x2  
  136  14:02  Overseer  
  138  14:14  Hydralisk  
  138  14:17  Extractor  
  138  14:18  Hydralisk  
  138  14:21  Hydralisk  
  139  14:24  Hatchery  
  139  14:25  Overseer  
  139  14:26  Hydralisk  
  139  14:30  Zergling x8  
  144  14:36  Overlord  
  143  14:41  Hydralisk x2  
  143  14:42  Hydralisk  
  147  14:46  Zergling x4  
  147  14:48  Hydralisk  
  147  14:49  Hydralisk  
  153  14:52  Hydralisk  
  153  14:59  Corruptor  
  156  15:04  Zergling x2  
  156  15:05  Zergling x6  
  156  15:07  Baneling x3  
  160  15:08  Zergling x2  
  160  15:14  Zergling x8  
  157  15:18  Zergling x4  
  162  15:26  Corruptor  
  164  15:29  Adrenal Glands  
  164  15:32  Zergling x4  
  164  15:33  Zergling x2  
  160  15:36  Zergling x4  
  160  15:41  Zergling x2  
  160  15:42  Zergling x6  
  161  15:47  Zergling x2  
  148  15:52  Brood Lord  
  148  15:55  Baneling  
  148  15:56  Baneling x10  
  145  15:59  Zergling x6  
  148  16:06  Hydralisk x2  
  148  16:08  Brood Lord  
  148  16:10  Zergling x4  
  155  16:19  Baneling  
  155  16:20  Baneling x7  
  155  16:21  Baneling  
  155  16:24  Zergling x2  
  155  16:25  Zergling x14  
  163  16:30  Zergling x8  
  163  16:31  Unknown x2  
  160  16:38  Overlord  
  152  16:49  Hatchery, Zergling x2  
  152  16:50  Zergling x10  
  154  16:54  Zergling x4  
  154  17:01  Viper x2  
  151  17:04  Overlord x2  
  157  17:09  Hydralisk  
  157  17:13  Baneling x6  
  157  17:14  Baneling  
  159  17:16  Baneling x3  
  159  17:19  Zergling x2  
  159  17:20  Zergling x2  
  159  17:22  Baneling x3  
  161  17:24  Zergling x4  
  161  17:27  Viper  
  166  17:34  Overlord  
  157  17:39  Overseer  
  157  17:41  Overseer x3  
  147  17:49  Hydralisk x4  
  155  17:54  Zergling x6  
  158  18:04  Zergling x8  
  155  18:05  Overlord  
  155  18:06  Overlord  
  155  18:09  Overlord  
Show
View Real Time Build Order
Export as new Build Order

lIIllllIIlll Terran - Winner!

Build Orders: Gas First Reaper Expand, Liberator Opening, Reaper Expand 

Get SALT Encoding   

  12  0:00  SCV  
  13  0:12  SCV  
  14  0:17  Supply Depot  
  14  0:24  SCV  
  14  0:27  Refinery  
  15  0:38  SCV  
  16  0:44  Barracks  
  16  0:50  SCV  
  17  1:02  SCV  
  18  1:14  SCV  
  19  1:30  Orbital Command  
  19  1:31  Reaper  
  20  1:42  Command Center  
  20  1:52  Factory  
  20  1:56  SCV  
  21  2:05  Barracks Reactor  
  21  2:08  SCV  
  21  2:11  Supply Depot  
  21  2:15  Refinery  
  22  2:20  SCV  
  23  2:34  SCV  
  24  2:42  Starport  
  26  2:44  Hellion x2  
  26  2:47  Marine, SCV  
  30  2:54  Orbital Command  
  30  2:59  SCV  
  30  3:02  Liberator  
  34  3:05  Hellion  
  34  3:09  Hellion  
  34  3:12  SCV  
  36  3:21  SCV  
  36  3:24  SCV  
  41  3:31  Supply Depot  
  41  3:36  SCV x2  
  41  3:37  Factory Tech Lab  
  43  3:48  SCV  
  43  3:49  SCV  
  43  3:52  Barracks Tech Lab  
  43  3:54  Command Center  
  45  3:59  Siege Tank  
  45  4:01  SCV  
  45  4:02  SCV  
  50  4:07  Supply Depot  
  50  4:12  Marine  
  50  4:13  Supply Depot  
  50  4:14  Stimpack  
  51  4:18  SCV x2  
  53  4:28  Barracks  
  53  4:30  Marine, SCV x2  
  56  4:42  SCV x2  
  56  4:44  Barracks  
  58  4:48  Marine  
  58  4:49  Engineering Bay x2  
  59  4:54  SCV x2  
  59  4:56  Refinery x2  
  58  5:05  Marine  
  58  5:06  SCV x2  
  61  5:07  Orbital Command  
  61  5:08  Starport Reactor  
  61  5:17  Marine x2  
  61  5:18  SCV  
  61  5:19  Terran Infantry Weapons Level 1, Terran Infantry Armor Level 1, SCV  
  61  5:20  Factory Reactor  
  65  5:24  Marine  
  66  5:30  SCV  
  66  5:31  SCV  
  66  5:33  Barracks Reactor  
  68  5:37  Barracks x2  
  68  5:39  Marine x2, Orbital Command  
  71  5:43  SCV  
  71  5:44  SCV  
  71  5:45  Medivac x2  
  76  5:51  Supply Depot  
  76  5:53  Supply Depot, Marine  
  76  5:55  SCV  
  76  5:56  SCV  
  76  5:57  Marine x2  
  79  5:58  Widow Mine  
  79  6:01  Widow Mine  
  85  6:13  SCV x3  
  85  6:14  Marine x3, Combat Shield  
  85  6:15  Supply Depot, Marine x2  
  92  6:19  Refinery  
  92  6:24  Factory, Barracks Reactor  
  92  6:25  Armory  
  92  6:34  SCV x3  
  92  6:38  Widow Mine x2, Barracks Reactor  
  99  6:40  Supply Depot  
  99  6:41  Supply Depot  
  99  6:43  Medivac  
  99  6:44  Medivac  
  103  6:47  SCV x3  
  103  6:53  Marine x3  
  103  6:54  Supply Depot  
  109  7:01  Marine x2  
  109  7:03  Widow Mine x2  
  109  7:04  Supply Depot  
  109  7:05  Supply Depot  
  115  7:11  SCV x3  
  115  7:14  Terran Infantry Armor Level 2, Terran Infantry Weapons Level 2  
  115  7:15  Marine x3  
  121  7:24  Widow Mine, Drilling Claws  
  121  7:25  Widow Mine  
  121  7:26  SCV x3  
  128  7:30  Marine x4  
  128  7:31  Marine x2  
  128  7:34  Supply Depot  
  134  7:38  Widow Mine  
  134  7:42  Concussive Shells  
  136  7:45  Marine x3  
  136  7:46  Widow Mine x2  
  136  7:48  Marine x3  
  136  7:49  Marauder  
  148  7:51  Unknown  
  148  7:52  Unknown  
  145  7:59  SCV x2  
  145  8:00  SCV  
  145  8:02  Medivac x2  
  145  8:05  Command Center  
  147  8:06  Supply Depot  
  147  8:07  Supply Depot  
  147  8:11  Widow Mine x3  
  145  8:13  Marine x2, Marauder  
  145  8:14  Marine  
  150  8:26  Marine x2  
  150  8:27  Marine x3  
  148  8:33  Medivac x2  
  155  8:34  Marine x3  
  155  8:35  Marauder  
  155  8:37  Widow Mine  
  155  8:38  Widow Mine  
  164  8:43  Widow Mine  
  164  8:44  Marine x3  
  164  8:45  Marine x2  
  171  8:50  Barracks  
  171  8:52  Barracks  
  171  8:54  Barracks  
  167  9:04  Medivac x2  
  167  9:05  Widow Mine  
  173  9:12  Terran Vehicle And Ship Armor Level 1, Supply Depot  
  173  9:16  Marine x5  
  184  9:17  Widow Mine x2, Marauder  
  184  9:20  Planetary Fortress  
  184  9:22  SCV x3  
  185  9:26  Refinery  
  185  9:27  Marine x2  
  187  9:34  Medivac x2  
  187  9:36  Marine x2  
  181  9:38  Marauder  
  181  9:43  Widow Mine x3, Barracks Tech Lab  
  181  9:44  Barracks Tech Lab  
  184  9:45  Barracks Tech Lab  
  184  9:55  Marine x4  
  184  9:56  Marine, Sensor Tower  
  184  9:57  Marine x3  
  184  9:59  Marauder  
  194  10:04  Medivac  
  196  10:13  Marauder, Medivac  
  196  10:14  Marauder x2  
  195  10:18  Widow Mine  
  196  10:23  Widow Mine, Marauder, Marine x2  
  196  10:24  Marine x2  
  196  10:30  Marine x4  
  196  10:31  Widow Mine  
  196  10:34  Medivac  
  196  10:36  Marauder  
  196  10:37  Marine, Marauder  
  196  10:41  Marine  
  196  10:46  Command Center  
  196  10:50  Sensor Tower  
  196  11:00  Marine x3  
  196  11:01  Widow Mine, Marauder x2, Marine x2, Medivac  
  196  11:02  Marauder x2  
  196  11:11  Terran Infantry Weapons Level 3  
  196  11:16  Terran Infantry Armor Level 3  
  196  11:21  Marine  
  196  11:22  Marine x3  
  196  11:25  Marauder  
  196  11:26  Widow Mine x2, Marine, Medivac  
  196  11:27  Widow Mine, Unknown x4  
  196  11:28  Marauder  
  196  11:34  Marine  
  196  11:35  Medivac  
  196  11:40  Marine  
  196  11:46  Marine x2, Unknown x2  
  196  11:50  Refinery x2  
  196  11:56  Marine x6, Marauder, SCV x2  
  196  11:58  Marauder, Medivac  
  200  12:10  Marine  
  200  12:11  Widow Mine x2, Marine, SCV  
  200  12:13  Widow Mine, Marine x4  
  200  12:14  Marine x3, Marauder  
  194  12:18  Marauder  
  194  12:19  Marine  
  194  12:22  Medivac  
  169  12:26  Planetary Fortress  
  169  12:28  Marine, Medivac  
  169  12:29  Marauder  
  174  12:31  Marine x4  
  174  12:32  Widow Mine x2, Marine x3, SCV  
  174  12:35  Marauder  
  174  12:36  Widow Mine  
  190  12:37  Marauder  
  190  12:39  Marauder  
  194  12:45  SCV  
  194  12:46  Starport, Marine  
  194  12:48  Starport  
  194  12:49  Marine x4, Fusion Core  
  199  12:53  Medivac  
  199  12:54  Widow Mine  
  199  12:57  Marauder, SCV  
  196  12:59  Marauder  
  196  13:00  Marauder  
  196  13:04  Medivac  
  200  13:06  Marauder  
  200  13:07  Marine x2  
  200  13:11  Widow Mine x2  
  200  13:16  Terran Vehicle And Ship Armor Level 2, Command Center  
  200  13:18  Ghost Academy  
  200  13:38  Marine x5, Marauder x2  
  187  13:42  Widow Mine x3  
  187  13:46  Marauder x2  
  185  13:49  Starport Reactor, Medivac, Starport Tech Lab  
  185  13:50  Marine, Medivac  
  185  13:51  Marine x2  
  180  13:56  Marine x4  
  180  13:57  Unknown  
  180  13:58  Unknown  
  180  13:59  Marauder  
  180  14:00  Marauder  
  180  14:02  Starport Reactor  
  179  14:03  Marine  
  179  14:07  Widow Mine x2, Marine, Marauder  
  179  14:08  Marine x3  
  179  14:09  Widow Mine  
  187  14:19  Marine x4, Viking  
  187  14:20  Marine x2, Viking  
  187  14:21  Marine  
  198  14:25  Marauder  
  200  14:38  Personal Cloaking  
  200  14:45  Viking  
  200  14:48  Viking  
  200  15:03  Command Center  
  200  15:05  Starport  
  200  15:07  Starport  
  200  15:16  Viking x2  
  200  15:17  Viking, Refinery  
  200  15:18  Viking  
  200  15:26  Refinery  
  189  15:36  Ghost x3, Viking x2  
  189  15:37  Ghost  
  189  15:40  Marine x2  
  189  15:41  Marine x4  
  200  15:43  Marine, Unknown x6  
  200  15:46  Viking  
  193  15:50  Starport Reactor, Viking x3  
  188  16:01  Starport Reactor  
  186  16:06  Marauder x3, Viking x2  
  186  16:10  Widow Mine x2  
  199  16:20  Planetary Fortress  
  198  16:28  Unknown x3  
  198  16:29  Unknown x4  
  198  16:31  Viking x2  
  199  16:33  Widow Mine  
  199  16:37  Viking x4  
  200  16:44  Ghost x3  
  189  16:47  Marine  
  189  16:48  Marine x3  
  189  16:52  Marine x2  
  189  16:53  Marine  
  189  17:08  Ghost  
  189  17:10  Widow Mine x2  
  189  17:12  Ghost x2  
  189  17:15  Marine  
  191  17:43  Medivac  
  193  17:44  Marauder x2  
  193  17:45  Marauder  
  193  17:47  Marine x2, Medivac  
  193  17:48  Marine  
  200  17:57  Unknown x2  
  200  18:01  Marauder, Marine  
  199  18:11  Marine  
  199  18:12  Marine x6  
Tags
 
Add a new tag
Caveats
  • Supply blocks, unpowered buildings, or Contaminate may cause inaccurate times.
  • Supply counts are checked every 10 seconds.